Map: Apotheosis LE

Players

Fropez - Winner!

  • Race: Protoss Protoss
  • League: Gold
  • Spawn Location: 5:00

Cadaverous

  • Race: Protoss Protoss
  • Spawn Location: 11:00

VOD

Have the link to the VOD?

Description

Time

  • Played on: Oct. 25, 2016, 10:56 a.m.
  • Length: 5:59
Show
View Real Time Build Order
Export as new Build Order

Fropez Protoss - Winner!

Build Orders: 1 Gate Expand 

Get SALT Encoding   

  12  0:01  Probe (Chrono Boost)  
  13  0:17  Probe (Chrono Boost)  
  14  0:21  Pylon  
  14  0:30  Probe (Chrono Boost)  
  15  0:41  Gateway  
  15  0:44  Probe (Chrono Boost)  
  16  0:53  Assimilator  
  16  0:54  Probe (Chrono Boost)  
  17  1:01  Gateway  
  17  1:05  Probe (Chrono Boost)  
  18  1:15  Probe (Chrono Boost)  
  19  1:26  Probe (Chrono Boost)  
  20  1:38  Nexus  
  20  1:40  Probe (Chrono Boost)  
  21  1:51  Probe (Chrono Boost)  
  22  1:57  Cybernetics Core  
  22  2:01  Probe (Chrono Boost)  
  23  2:15  Assimilator  
  23  2:20  Pylon  
  23  2:37  Pylon  
  23  2:38  Adept x2, Probe (Chrono Boost)  
  23  2:40  Warp Gate (Chrono Boost)  
  28  2:49  Mothership Core (Chrono Boost)  
  30  2:53  Probe (Chrono Boost)  
  31  3:05  Adept x2  
  35  3:07  Probe (Chrono Boost)  
  36  3:18  Probe (Chrono Boost)  
  37  3:21  Probe (Chrono Boost)  
  37  3:26  Gateway  
  38  3:29  Probe (Chrono Boost)  
  38  3:32  Adept  
  41  3:36  Probe  
  41  3:39  Pylon  
  42  3:52  Pylon  
  42  3:54  Probe  
  43  4:15  Gateway  
  43  4:17  Probe x2  
  42  4:19  Gateway  
  38  4:40  Adept x2  
  38  4:41  Adept, Probe  
  38  4:42  Probe  
  44  4:47  Assimilator  
  44  4:50  Assimilator  
  44  4:51  Probe  
  43  5:15  Stalker x5  
  51  5:25  Nexus  
  41  5:32  Pylon  
  39  5:39  Stalker x4  
  39  5:40  Stalker  
Show
View Real Time Build Order
Export as new Build Order

Cadaverous Protoss 

Build Orders: Nexus First 

Get SALT Encoding   

  12  0:02  Probe (Chrono Boost)  
  13  0:13  Probe (Chrono Boost)  
  14  0:24  Probe (Chrono Boost)  
  15  0:32  Pylon  
  15  0:50  Probe (Chrono Boost)  
  16  0:57  Nexus  
  16  1:01  Probe (Chrono Boost)  
  17  1:16  Gateway  
  17  1:29  Probe (Chrono Boost), Assimilator  
  18  1:48  Probe (Chrono Boost)  
  18  1:52  Pylon  
  19  1:59  Probe (Chrono Boost)  
  20  2:06  Pylon  
  20  2:09  Probe (Chrono Boost), Zealot  
  23  2:16  Pylon  
  23  2:20  Probe (Chrono Boost)  
  24  2:23  Cybernetics Core  
  24  2:29  Assimilator  
  25  2:30  Probe (Chrono Boost)  
  25  2:38  Forge  
  25  2:41  Pylon  
  25  2:46  Probe (Chrono Boost)  
  25  2:48  Probe (Chrono Boost)  
  27  2:59  Probe (Chrono Boost)  
  28  3:05  Gateway  
  28  3:12  Warp Gate (Chrono Boost)  
  28  3:14  Probe  
  29  3:22  Photon Cannon  
  29  3:25  Probe  
  30  3:31  Photon Cannon  
  30  3:35  Probe  
  30  3:36  Stalker  
  33  3:43  Mothership Core  
  29  4:15  Stalker  
  20  5:00  Stalker  
  17  5:09  Probe  
  14  5:20  Probe  
  15  5:29  Probe  
  15  5:30  Probe  
  17  5:41  Probe  
  17  5:42  Probe  
Tags
 
Add a new tag
Caveats
  • Supply blocks, unpowered buildings, or Contaminate may cause inaccurate times.
  • Supply counts are checked every 10 seconds.